Map: 2000 Atmospheres LE

Players

Percival - Winner!

  • Race: Terran Terran

DRG

  • Race: Zerg Zerg

Event: DreamHack SC2 Masters Last Chance 2022

VOD

Have the link to the VOD?

Description

Time

  • Played on: Dec. 15, 2021, 4:33 a.m.
  • Length: 10:10

All games in this series

Show
View Real Time Build Order
Export as new Build Order

Percival Terran - Winner!

Build Orders: 1/1/1 

Get SALT Encoding   

  12  0:00  SCV  
  13  0:12  SCV  
  14  0:16  Supply Depot  
  14  0:24  SCV  
  15  0:38  SCV  
  15  0:39  Barracks  
  16  0:43  Refinery  
  16  0:50  SCV  
  16  0:52  Refinery  
  17  1:02  SCV  
  18  1:14  SCV  
  19  1:26  Marine, Orbital Command  
  19  1:30  Factory  
  20  1:45  Barracks Reactor  
  20  1:47  Supply Depot  
  20  1:53  SCV  
  21  2:05  SCV  
  22  2:17  SCV, Command Center  
  23  2:27  Starport  
  23  2:28  Marine  
  24  2:31  SCV  
  25  2:38  Widow Mine  
  25  2:39  Widow Mine  
  29  2:44  Supply Depot  
  29  2:48  SCV  
  29  2:50  Marine  
  31  3:06  Widow Mine x2, SCV  
  31  3:08  Medivac  
  38  3:16  Armory  
  38  3:20  SCV  
  38  3:26  Barracks Tech Lab  
  39  3:31  Orbital Command  
  39  3:34  SCV  
  42  3:41  Hellion x2  
  42  3:46  SCV  
  45  3:57  SCV  
  45  3:58  Raven  
  45  4:00  SCV  
  45  4:02  Supply Depot  
  49  4:06  Hellion x2  
  53  4:10  Supply Depot  
  53  4:12  SCV  
  54  4:23  SCV, Marine  
  56  4:24  SCV  
  57  4:35  SCV  
  57  4:36  SCV  
  57  4:47  SCV  
  57  4:48  Command Center  
  56  4:54  Supply Depot  
  56  4:59  SCV  
  52  5:00  SCV  
  52  5:02  Barracks  
  52  5:03  Stimpack, Marine, Starport Reactor  
  52  5:06  Factory Tech Lab, Barracks  
  53  5:11  SCV  
  53  5:12  SCV  
  55  5:15  Engineering Bay  
  55  5:16  Engineering Bay  
  55  5:20  Refinery  
  55  5:21  Refinery, Marine  
  55  5:23  SCV  
  55  5:28  Siege Tank  
  60  5:30  SCV  
  61  5:38  SCV  
  61  5:39  Barracks  
  61  5:40  Marine, Barracks  
  64  5:42  SCV  
  64  5:49  Terran Infantry Weapons Level 1, Terran Infantry Armor Level 1  
  64  5:50  Starport Reactor  
  64  5:52  SCV  
  64  5:53  Marine  
  64  5:54  SCV  
  64  5:55  Marine  
  68  6:00  Siege Tank  
  71  6:07  Marine x3  
  71  6:11  Marine  
  75  6:12  Orbital Command  
  75  6:13  Marine  
  75  6:15  SCV x2  
  78  6:24  Marine  
  78  6:25  Marine x2  
  81  6:28  Marine  
  81  6:31  Marine  
  76  6:34  Barracks Reactor  
  76  6:35  Barracks Reactor, Siege Tank  
  76  6:36  Medivac x2, Orbital Command  
  78  6:42  Marine x2  
  78  6:43  Combat Shield, Marine  
  78  6:44  Supply Depot  
  78  6:46  Marine  
  82  6:55  Supply Depot x2, Marine  
  82  7:00  Marine x3  
  86  7:04  Marine  
  86  7:06  Medivac x2  
  91  7:10  Marine x3  
  91  7:11  Marine  
  91  7:12  Marine  
  96  7:16  Siege Tank  
  96  7:19  Marine x3  
  96  7:22  Marine  
  103  7:28  Marine  
  104  7:30  Marine  
  104  7:31  Supply Depot x2, Marine x3  
  104  7:37  Marine x3  
  94  7:45  Marine  
  94  7:46  Marine  
  94  7:48  Medivac, Siege Tank, Marine x2  
  94  7:49  Medivac, Marine  
  97  8:01  Marine x4  
  97  8:03  Marine  
  97  8:04  Marine  
  103  8:06  Marine  
  103  8:12  Marine x2  
  106  8:19  Marine x3  
  107  8:25  Marine  
  107  8:26  Marine  
  107  8:27  Marine x2  
  95  8:30  Marine x2  
  95  8:33  Siege Tank  
  98  8:35  Liberator  
  98  8:37  Marine x3  
  101  8:43  Marine  
  101  8:47  Marine x2  
  101  8:48  Marine x2  
  105  8:50  Marine  
  105  8:55  Marine x3  
  106  9:00  Marine  
  99  9:05  Medivac, Siege Tank, Marine  
  99  9:08  Marine x2  
  99  9:09  Marine x2  
  108  9:12  Marine  
  108  9:13  Marine x2  
  111  9:18  Medivac  
  113  9:24  Marine  
  113  9:25  Marine  
  113  9:26  Marine x3  
  113  9:27  Marine  
  113  9:30  Marine  
  120  9:36  Marine x2  
  122  9:42  Marine x2  
  122  9:44  Marine  
  121  9:51  Marine x2  
  121  9:52  Marine x2  
Show
View Real Time Build Order
Export as new Build Order

DRG Zerg 

Build Orders: Hatch First 

Get SALT Encoding   

  12  0:01  Drone  
  13  0:11  Overlord  
  13  0:16  Drone  
  14  0:30  Drone x2  
  16  0:49  Hatchery  
  15  0:52  Drone  
  15  0:55  Drone  
  17  1:00  Drone  
  18  1:14  Spawning Pool  
  18  1:16  Drone  
  18  1:19  Drone  
  19  1:27  Drone  
  20  1:39  Drone  
  21  1:41  Extractor  
  20  1:49  Drone  
  21  2:01  Zergling x4, Queen x2  
  27  2:10  Overlord  
  27  2:11  Zergling x2  
  28  2:21  Hatchery  
  27  2:23  Drone  
  27  2:28  Drone  
  29  2:33  Drone  
  29  2:34  Drone  
  31  2:39  Queen  
  33  2:44  Overlord  
  33  2:47  Drone  
  34  2:53  Drone  
  34  2:55  Metabolic Boost  
  34  2:57  Drone  
  36  3:06  Drone x2  
  36  3:09  Drone x3  
  41  3:17  Queen  
  43  3:25  Overlord  
  43  3:32  Queen  
  43  3:33  Queen  
  47  3:35  Overlord  
  47  3:38  Drone  
  47  3:40  Drone x2  
  50  3:45  Drone  
  50  3:46  Drone  
  50  3:47  Zergling x4  
  54  3:52  Drone, Baneling Nest  
  54  3:55  Drone  
  55  3:56  Drone  
  55  4:01  Queen  
  58  4:03  Drone  
  58  4:05  Drone  
  58  4:08  Drone x2  
  62  4:11  Drone x2  
  62  4:14  Spore Crawler  
  63  4:17  Spore Crawler  
  63  4:19  Drone  
  63  4:20  Drone  
  63  4:22  Drone  
  63  4:23  Drone  
  65  4:34  Overlord  
  61  4:39  Zergling x8  
  64  4:47  Drone x3  
  64  4:50  Overlord x2  
  65  4:53  Overlord  
  65  4:54  Spore Crawler  
  65  4:59  Drone x2  
  66  5:02  Drone  
  66  5:03  Lair  
  66  5:06  Extractor x2  
  65  5:08  Zergling x6  
  65  5:09  Drone  
  65  5:12  Drone  
  70  5:14  Drone  
  70  5:16  Drone x3  
  70  5:17  Queen  
  76  5:22  Drone x2  
  76  5:26  Overlord  
  76  5:28  Drone x4  
  82  5:33  Drone x3  
  82  5:34  Drone  
  86  5:37  Drone  
  86  5:41  Evolution Chamber  
  86  5:42  Drone, Evolution Chamber  
  86  5:44  Drone x4  
  86  5:47  Extractor x2  
  86  5:49  Baneling x9  
  88  5:52  Zergling x4  
  88  5:54  Queen  
  92  5:58  Drone x3  
  92  6:02  Centrifugal Hooks  
  92  6:03  Drone x2  
  97  6:14  Overlord  
  97  6:18  Zerg Ground Armor Level 1  
  97  6:23  Hatchery  
  97  6:24  Zergling x16  
  98  6:33  Zergling x12  
  98  6:36  Zerg Melee Weapons Level 1  
  98  6:37  Overlord  
  98  6:39  Zergling x4  
  105  6:42  Overlord  
  105  6:44  Zergling x4  
  105  6:46  Baneling  
  105  6:47  Baneling x7  
  106  6:48  Zergling x2  
  106  6:52  Overlord  
  107  6:55  Zergling x8  
  107  6:59  Zergling x2  
  107  7:00  Zergling x6  
  115  7:05  Zergling x4  
  117  7:11  Overlord  
  117  7:12  Zergling x4  
  117  7:14  Zergling x6  
  117  7:15  Hatchery  
  121  7:25  Zergling x10  
  121  7:28  Baneling x2  
  125  7:30  Zergling x8  
  129  7:43  Zergling x14  
  118  7:45  Queen  
  118  7:47  Drone  
  118  7:48  Drone  
  114  7:53  Drone x5  
  114  7:56  Overlord  
  114  7:58  Drone x3  
  121  8:00  Zergling x2  
  121  8:05  Zergling x4  
  124  8:06  Baneling x7  
  124  8:08  Zergling x2  
  124  8:09  Zergling x6  
  128  8:14  Zergling x4  
  128  8:15  Queen x2  
  133  8:26  Zergling x18  
  127  8:30  Zergling x8  
  127  8:31  Queen x2  
  128  8:36  Zergling x12  
  126  8:44  Zergling x6  
  126  8:45  Baneling x6  
  124  8:49  Zergling x8  
  124  8:50  Queen x2  
  124  8:52  Zergling x2  
  124  8:53  Zergling x2  
  116  8:56  Zergling x8  
  111  9:03  Zergling x2  
  111  9:04  Zergling x2  
  111  9:06  Zergling x6  
  111  9:07  Queen x2  
  111  9:08  Zergling x2  
  106  9:14  Zergling x10  
  106  9:16  Zergling x6  
  106  9:19  Zergling x6  
  106  9:22  Baneling x2  
  106  9:23  Zergling x6  
  103  9:25  Zergling x2  
  103  9:26  Baneling x2, Queen x2  
  103  9:27  Zergling x2  
  103  9:28  Zergling x2  
  103  9:29  Zergling x2  
  103  9:30  Baneling  
  107  9:32  Zergling x6  
  107  9:34  Zergling x2  
  106  9:41  Baneling Nest  
  106  9:44  Zergling x12  
  111  9:51  Zergling x18  

Tags
 
Add a new tag
Caveats
  • Supply blocks, unpowered buildings, or Contaminate may cause inaccurate times.
  • Supply counts are checked every 10 seconds.